Map: Dusk Towers

Players

CoSchwartz - Winner!

  • Race: Protoss Protoss
  • League: Gold

capac

  • Race: Terran Terran
  • League: Gold

VOD

Have the link to the VOD?

Description

Time

  • Played on: March 6, 2016, 8:35 a.m.
  • Length: 22:14
Show
View Real Time Build Order
Export as new Build Order

CoSchwartz Protoss - Winner!

Build Orders: Zealot Archon, Dark Templar Rush 

Get SALT Encoding   

  12  0:02  Probe (Chrono Boost)  
  13  0:13  Probe (Chrono Boost)  
  14  0:18  Pylon  
  14  0:25  Probe (Chrono Boost)  
  15  0:36  Probe (Chrono Boost), Gateway  
  16  0:46  Probe (Chrono Boost)  
  16  0:48  Assimilator  
  18  0:57  Probe (Chrono Boost)  
  18  1:10  Pylon  
  18  1:15  Probe (Chrono Boost)  
  19  1:23  Cybernetics Core  
  20  1:25  Probe (Chrono Boost)  
  20  1:36  Probe (Chrono Boost)  
  21  1:46  Probe (Chrono Boost)  
  22  1:50  Nexus  
  22  1:56  Assimilator  
  22  1:59  Warp Gate (Chrono Boost)  
  23  2:05  Adept  
  24  2:19  Probe  
  25  2:31  Probe  
  25  2:33  Pylon  
  26  2:38  Adept  
  26  2:43  Mothership Core  
  30  2:58  Twilight Council  
  30  3:03  Probe  
  30  3:04  Probe  
  32  3:14  Probe  
  32  3:16  Probe  
  34  3:22  Robotics Facility  
  34  3:24  Probe  
  34  3:25  Gateway  
  35  3:29  Probe  
  35  3:35  Probe  
  35  3:41  Probe  
  37  3:47  Probe  
  37  3:48  Dark Shrine  
  37  3:54  Stalker  
  40  3:58  Probe  
  41  4:05  Probe  
  41  4:09  Warp Prism (Chrono Boost)  
  44  4:24  Gateway  
  44  4:27  Gateway  
  44  4:34  Probe  
  44  4:37  Assimilator  
  45  4:40  Assimilator  
  45  4:43  Pylon  
  45  4:47  Pylon  
  45  4:48  Probe  
  45  4:50  Probe  
  47  4:59  Probe  
  47  5:02  Probe  
  49  5:09  Probe  
  51  5:14  Probe  
  51  5:16  Blink (Chrono Boost)  
  51  5:19  Stalker x3  
  57  5:24  Dark Templar  
  59  5:42  Gateway  
  59  5:44  Gateway  
  59  5:48  Dark Templar x2  
  63  5:51  Gateway  
  63  5:57  Nexus, Pylon  
  63  5:59  Pylon  
  59  6:56  Archon  
  59  6:57  Stalker x3  
  59  6:58  Stalker x2  
  69  7:05  Gateway  
  69  7:06  Gateway  
  69  7:07  Pylon  
  53  7:30  Stalker x2  
  53  7:31  Stalker x5  
  63  7:40  Probe  
  63  7:41  Probe  
  53  7:58  Stalker  
  53  7:59  Stalker x4  
  53  8:00  Stalker x2  
  67  8:12  Probe  
  67  8:13  Probe  
  67  8:23  Cybernetics Core  
  67  8:26  Probe x2  
  67  8:27  Probe  
  70  8:34  Dark Templar  
  70  8:35  Dark Templar x3  
  70  8:36  Probe x2  
  70  8:39  Probe  
  81  8:47  Probe  
  81  8:52  Probe  
  81  8:53  Probe  
  84  8:57  Probe, Assimilator  
  84  9:00  Assimilator  
  85  9:05  Probe  
  84  9:19  Probe x2  
  84  9:20  Probe  
  85  9:29  Probe  
  85  9:30  Probe  
  87  9:40  Stalker  
  87  9:41  Stalker x5  
  87  9:42  Stalker  
  87  9:43  Stalker  
  103  9:46  Robotics Bay  
  103  9:52  Pylon  
  99  10:00  Pylon  
  99  10:02  Pylon  
  99  10:22  Forge  
  99  10:24  Forge  
  99  10:26  Pylon  
  93  10:40  Stalker x5  
  93  10:41  Disruptor (Chrono Boost)  
  106  10:49  Stalker x2  
  110  10:50  Stalker, Robotics Facility  
  112  11:00  Protoss Ground Weapons Level 1 (Chrono Boost), Protoss Ground Armor Level 1 (Chrono Boost)  
  112  11:07  Nexus  
  112  11:12  Pylon  
  112  11:15  Disruptor  
  107  11:31  Stalker x4  
  107  11:32  Stalker x5  
  123  11:42  Disruptor  
  126  11:50  Disruptor  
  126  11:54  Charge  
  129  11:59  Probe  
  129  12:00  Probe x2  
  128  12:18  Disruptor  
  131  12:26  Probe, Disruptor  
  131  12:27  Probe x2  
  137  12:30  Probe  
  137  12:36  Probe  
  138  12:39  Assimilator  
  138  12:40  Stalker x5  
  138  12:41  Stalker x3  
  155  12:44  Assimilator  
  155  12:45  Protoss Ground Armor Level 2 (Chrono Boost)  
  155  12:47  Protoss Ground Weapons Level 2 (Chrono Boost)  
  155  13:07  Disruptor  
  155  13:08  Disruptor  
  161  13:31  Pylon  
  161  13:32  Pylon  
  161  13:42  Nexus  
  161  13:44  Assimilator  
  161  13:49  Colossus x2 (Chrono Boost), Assimilator  
  155  14:14  Stalker x3  
  155  14:15  Stalker x5  
  171  14:41  Observer (Chrono Boost)  
  171  14:42  Observer (Chrono Boost)  
  168  15:00  Disruptor (Chrono Boost)  
  157  15:26  Stalker  
  157  15:27  Stalker x5  
  169  15:36  Protoss Ground Weapons Level 3 (Chrono Boost)  
  169  15:38  Protoss Ground Armor Level 3 (Chrono Boost)  
  169  15:42  Stalker x3  
  175  15:45  Colossus  
  175  15:51  Colossus  
  109  16:39  Disruptor  
  109  16:42  Stalker x3  
  109  16:43  Stalker x4  
  109  16:45  Colossus  
  132  16:48  Stalker x2  
  136  17:10  Disruptor, Stalker x6  
  136  17:11  Stalker x3  
  157  17:22  Robotics Facility  
  157  17:26  Robotics Facility  
  157  17:29  Pylon x2  
  157  17:38  Disruptor  
  157  17:41  Disruptor, Stalker x3  
  157  17:42  Stalker x2  
  157  17:43  Stalker x3  
  157  17:44  Stalker  
  157  18:30  Disruptor  
  157  18:35  Disruptor  
  163  18:41  Nexus  
  159  18:59  Colossus  
  124  19:07  Nexus  
  112  19:10  Colossus  
  110  19:25  Stalker  
  110  19:26  Stalker x4  
  110  19:28  Colossus x2  
  110  19:31  Stalker x3  
  134  19:32  Stalker  
  140  19:45  Colossus  
  138  19:59  Stalker x3  
  150  20:00  Stalker x4  
  150  20:04  Colossus  
  159  20:40  Colossus  
  165  20:46  Stalker x2  
  165  20:47  Stalker x4  
  119  22:08  Stalker x2  
  119  22:09  Stalker x6  
  119  22:10  Stalker  
Show
View Real Time Build Order
Export as new Build Order

capac Terran 

Build Orders: MMM Bio 

Get SALT Encoding   

  12  0:01  SCV  
  13  0:13  SCV  
  14  0:18  Supply Depot  
  14  0:25  SCV  
  15  0:40  Barracks, SCV  
  16  0:50  Refinery  
  16  0:52  SCV  
  17  1:04  SCV  
  18  1:16  SCV  
  19  1:28  SCV  
  20  1:35  Command Center  
  20  1:37  Barracks Reactor  
  20  1:46  Supply Depot, SCV  
  22  2:03  Orbital Command  
  21  2:13  Marine x2  
  23  2:19  Factory  
  23  2:31  SCV  
  24  2:39  Refinery, Barracks  
  24  2:43  Marine x2  
  26  2:57  Orbital Command  
  25  3:00  Marine  
  25  3:01  Marine  
  25  3:04  Factory Tech Lab  
  27  3:09  SCV  
  28  3:18  Marine  
  28  3:19  Marine  
  30  3:28  Barracks Tech Lab  
  30  3:30  Starport  
  30  3:35  Siege Tank  
  30  3:39  SCV  
  34  3:42  SCV  
  35  3:49  Engineering Bay  
  35  3:52  Marine x2  
  37  3:56  SCV x2  
  37  4:01  Supply Depot  
  39  4:04  Marine  
  39  4:06  Stimpack  
  40  4:10  Starport Reactor  
  40  4:14  SCV x2  
  42  4:17  Marine  
  42  4:18  Marine  
  44  4:26  Missile Turret  
  44  4:27  Missile Turret  
  44  4:29  SCV x2  
  44  4:30  Marine  
  47  4:40  Refinery  
  47  4:41  SCV x2  
  49  4:45  Supply Depot  
  49  4:48  Medivac  
  49  4:52  Medivac  
  53  4:59  SCV  
  54  5:07  SCV  
  54  5:10  Siege Tank  
  54  5:11  Supply Depot  
  58  5:15  SCV  
  58  5:19  SCV  
  60  5:30  Marine, SCV  
  60  5:32  Marine x2  
  60  5:33  SCV  
  65  5:42  Medivac x2  
  69  5:46  SCV  
  70  5:54  Refinery  
  70  5:56  Marine x3, SCV  
  74  5:59  Supply Depot  
  74  6:01  Terran Infantry Weapons Level 1  
  74  6:14  Marine x2  
  65  6:26  Missile Turret  
  65  6:29  Missile Turret  
  61  6:33  Missile Turret  
  59  6:47  Siege Tank  
  59  6:48  Marine x3  
  62  6:55  Barracks  
  62  6:57  Barracks  
  62  6:59  Barracks, SCV x2  
  64  7:05  Supply Depot  
  64  7:06  Marine x2  
  66  7:11  SCV x2  
  66  7:14  Missile Turret  
  68  7:19  Siege Tank  
  68  7:22  Liberator  
  62  7:31  Marine x3  
  64  7:49  Marine x3  
  67  8:04  Missile Turret  
  67  8:05  Barracks Reactor x2  
  67  8:07  Marine  
  67  8:12  SCV x2  
  70  8:16  Missile Turret  
  68  8:24  Siege Tank  
  71  8:34  Command Center  
  71  8:39  Barracks Reactor  
  71  8:40  Combat Shields  
  71  8:46  SCV x2  
  73  8:57  Siege Tank  
  75  9:45  Viking x2, SCV x2  
  81  9:49  Marine x2  
  81  9:50  Marine x2, Missile Turret  
  81  9:52  Missile Turret  
  85  9:55  Marine  
  85  10:01  Marine  
  85  10:02  Orbital Command  
  85  10:43  Supply Depot  
  85  10:45  Supply Depot  
  85  11:04  Marine x5  
  85  11:05  SCV x3  
  85  11:06  Marine x3  
  96  11:11  Supply Depot  
  96  11:15  Siege Tank  
  96  11:17  SCV x3  
  102  11:22  Marine x3  
  102  11:23  Missile Turret  
  102  11:24  Marine  
  102  11:29  SCV x3  
  104  11:34  Medivac x2  
  104  11:36  Marine x4  
  112  11:40  Marine x2  
  112  11:46  SCV x3  
  117  11:47  Missile Turret  
  117  11:58  SCV x2  
  117  11:59  Liberator x2  
  117  12:21  Marine  
  117  12:22  Marine  
  125  12:24  Starport  
  125  12:26  Starport  
  125  12:31  Supply Depot  
  125  12:35  Refinery  
  125  12:36  Refinery  
  125  12:51  Barracks Tech Lab  
  125  12:52  Marine x7, SCV  
  125  12:56  Supply Depot  
  130  13:10  Supply Depot, Marine  
  130  13:11  Siege Tank  
  134  13:13  Starport Reactor x2  
  134  13:19  SCV x3  
  137  13:28  Medivac x2  
  137  13:33  Supply Depot  
  141  13:37  Marine x4  
  141  13:38  Marine x4  
  141  13:39  Factory  
  149  13:53  Liberator x4  
  149  13:54  Liberator  
  149  13:55  Siege Tank  
  152  14:02  Liberator  
  148  14:13  Marine x2  
  165  14:19  Supply Depot, Marine x5  
  165  14:21  Supply Depot  
  164  14:38  Marine x2  
  164  14:39  Marine x6  
  172  14:56  Marine x3  
  172  14:57  Marine x5  
  150  15:14  Marine x2  
  140  15:28  Marine x6  
  141  15:32  Marine x2  
  147  15:40  Liberator x3  
  147  15:41  Liberator x3  
  147  15:45  Marine  
  147  15:46  Marine x3  
  151  15:57  Command Center  
  151  15:59  Marine x4  
  151  16:03  Marine x2  
  151  16:04  Marine x2  
  168  16:16  Marine  
  168  16:17  Marine x2  
  141  16:37  Marine  
  141  16:38  Marine x5  
  144  16:55  Siege Tank  
  144  16:56  Command Center  
  144  16:57  Factory Tech Lab  
  147  17:17  Command Center  
  147  17:27  Siege Tank  
  150  17:33  Marine x7  
  150  17:34  Marine  
  158  17:50  Marine  
  158  17:51  Marine x2  
  120  18:25  Medivac  
  120  18:26  Medivac x2  
  112  18:40  Planetary Fortress  
  112  18:42  Planetary Fortress  
  112  18:52  Missile Turret  
  108  18:59  Liberator x4  
  77  19:13  Marine x6  
  77  19:14  Marine x2  
  91  19:21  Liberator  
  91  19:22  Liberator  
  83  19:30  Marine  
  83  19:31  Marine x6  
  86  19:32  Marine  
  86  19:37  Siege Tank x2  
  103  19:48  Marine x2  
  103  19:49  Marine x6  
  108  20:06  Marine x3  
  108  20:07  Marine x3  
  111  20:11  Marine  
  111  20:12  Marine  
  114  20:24  Marine  
  115  20:34  Marine x2  
  115  20:35  Marine x5  
  120  20:42  Marine  
  123  20:48  Command Center  
  123  20:52  Marine x3  
  126  20:58  Marine x2  
  126  20:59  Marine x3  
  131  21:18  Medivac x2  
Tags
 
Add a new tag
Caveats
  • Supply blocks, unpowered buildings, or Contaminate may cause inaccurate times.
  • Supply counts are checked every 10 seconds.